[Event "FIDE WCCC U10 2018"]
[Site "Santiago de Compostela"]
[Date "2018.11.07"]
[Round "3"]
[White "De Albuquerque, Ian Telek C."]
[Black "Pingin, Artem"]
[Result "0-1"]
[ECO "A35"]
[WhiteElo "1725"]
[BlackElo "1981"]
[Annotator "NA RC"]
[PlyCount "72"]
[EventDate "2018.11.04"]
[EventType "swiss"]
[EventCountry "ESP"]
[SourceTitle "playchess.com"]
[Source "ChessBase"]
[SourceQuality "1"]
[TimeControl "40/5400+30:1800+30"]

1. c4 c5 2. Nc3 Nc6 3. Nf3 g6 4. d4 cxd4 5. Nxd4 Bg7 6. e3 Nf6 7. Be2 O-O 8. O-O d6 9. Bf3 Ne5 {[%emt 0:03:52] A35: Symmetrical English: 2 Nc3 Nc6 3 Nf3} (9... Bd7 10. b3 a6 11. Bb2 Rb8 12. Nd5 Ne8 13. Qd2 e6 14. Nb4 Ne5 15. Be2 f5 16. Rad1 Nf6 17. Nd3 Nf7 18. Qb4 g5 19. f4 g4 {0-1 (65) Andreasen,P (2239)-Kosintseva,T (2570) Caleta 2011}) 10. b3 Nxf3+ 11. Qxf3 Rb8 12. Bb2 $146 ({Predecessor:} 12. Bd2 a6 13. h3 b6 14. Rac1 Bb7 15. Qe2 d5 16. cxd5 Nxd5 17. Rfd1 Bxd4 18. exd4 Nxc3 19. Bxc3 {½-½ (28) Dubost,C (1840)-Salgues,P (1949) Chateauroux 2009}) 12... a6 (12... Bg4 $5 13. Qg3 $8 a6 $11) 13. Qe2 Bd7 14. Rfd1 Qa5 15. Rac1 Rfe8 16. e4 b5 17. Nd5 bxc4 18. Rxc4 Nxd5 19. exd5 Bxd4 20. Rcxd4 Qxa2 21. b4 Qa4 (21... Rbc8 $17 22. h3 Bb5) 22. Qd2 ({White should play} 22. Ra1 $11 Qb5 23. Qd2) 22... f6 23. Ra1 Qb5 24. Rh4 Rf8 25. Ra5 Qb7 26. Qe2 Bb5 27. Qe6+ Kg7 28. Qe3 Rh8 ({Besser ist} 28... Rf7 $17 29. Qb3 Rc8) 29. Re4 Rbe8 30. Re6 Rhf8 31. g4 Qxd5 32. Rxe7+ $2 (32. Ra1 {is a better defense.} Bc6 33. f3) 32... Rxe7 33. Qxe7+ Rf7 34. Qe1 Qf3 35. Qe6 Qd1+ 36. Kg2 Bc6+ 0-1

[Event "FIDE WCCC U10 2018"]
[Site "Santiago de Compostela"]
[Date "2018.11.07"]
[Round "3"]
[White "Deuer, Marius"]
[Black "Mogirzan, Matei-Valeriu"]
[Result "1-0"]
[ECO "A04"]
[WhiteElo "1695"]
[BlackElo "1939"]
[Annotator "NA RC"]
[PlyCount "85"]
[EventDate "2018.11.04"]
[EventType "swiss"]
[EventCountry "ESP"]
[SourceTitle "playchess.com"]
[Source "ChessBase"]
[SourceQuality "1"]
[TimeControl "40/5400+30:1800+30"]

1. Nf3 g6 2. e4 d6 3. d4 Bg7 4. Bc4 Nf6 5. Qe2 O-O 6. h3 c6 7. e5 dxe5 8. dxe5 Nd5 9. O-O Nd7 {[%emt 0:02:06] LiveBook: 6 Games B04: Alekhine's Defence: 4 Nf3} (9... Be6 10. Nbd2 Nd7 11. Re1 a5 12. a3 b5 13. Ba2 Qb6 14. c4 Nc7 15. Nf1 b4 16. Ng3 b3 17. Bb1 {0-1 (41) Kovalenko,I (2668)-Anton Guijarro,D (2627) Almaty 2016}) 10. Rd1 N7b6 (10... e6 $11 {keeps the balance.}) 11. Bb3 Qc7 12. a3 $146 ({Predecessor:} 12. c4 Nb4 13. Nc3 a5 14. c5 Nd7 15. Bxf7+ Rxf7 16. e6 Rf5 17. exd7 Bxd7 18. Qxe7 {½-½ (49) Krylov,M (2476)-Sadovsky,A (2408) Sochi 2018}) 12... Nd7 13. Bxd5 cxd5 14. Nc3 ({Natürlich nicht} 14. Rxd5 e6 $11) 14... Nb6 15. Nxd5 Nxd5 16. Rxd5 b6 17. Bf4 Bb7 18. Rd2 Bxf3 19. gxf3 Qc8 20. Kg2 Qf5 21. Qe4 Qh5 (21... Qxe4 $16 {keeps fighting.} 22. fxe4 f6) 22. Bg3 Rac8 23. c3 Rc5 24. Rd7 e6 25. Re1 ({Don't do} 25. Rxa7 $6 Bxe5 26. Rd1 Bxg3 $16) 25... Rfc8 (25... a5 {was worth a try.} 26. f4 Rb8) 26. Qg4 ({Don't take} 26. Rxa7 $6 Qf5 $18) 26... Qxg4 27. fxg4 Rb5 28. Re2 ({Resist} 28. Rxa7 $6 Rxb2 29. Rd1 Rf8 $16) 28... a5 29. f4 Rcc5 $2 (29... Rb3 {war einen Versuch wert.} 30. Bf2 Bf8) 30. Rd8+ Bf8 31. Bh4 Rd5 {[%emt 0:02:43] [#]} 32. Rxf8+ $1 Kxf8 33. c4 $1 Rd4 34. cxb5 Ke8 35. Bf2 Rd5 36. a4 Kd7 37. Bxb6 Kc8 38. Bxa5 Rd4 39. Rc2+ Kb8 40. b3 Rxf4 41. Rf2 $18 (41. Rc4 $142 g5 42. Rxf4 gxf4 43. Kf3 Ka8 44. Kxf4 Kb7 45. Kg5 Kc8 46. Kf6) 41... Re4 42. Rxf7 Rxe5 43. Bc7+ 1-0

[Event "FIDE WCCC U10 2018"]
[Site "Santiago de Compostela"]
[Date "2018.11.07"]
[Round "3"]
[White "Shivakumar, Shawnak"]
[Black "Atanasov, Anthony"]
[Result "0-1"]
[ECO "B20"]
[WhiteElo "1688"]
[BlackElo "1916"]
[Annotator "NA RC"]
[PlyCount "112"]
[EventDate "2018.11.04"]
[EventType "swiss"]
[EventCountry "ESP"]
[SourceTitle "playchess.com"]
[Source "ChessBase"]
[SourceQuality "1"]
[TimeControl "40/5400+30:1800+30"]

1. e4 c5 2. Ne2 Nf6 3. d3 d6 4. g3 Nc6 5. Bg2 g6 6. O-O Bg7 7. c4 O-O 8. Nbc3 Ne8 {[%emt 0:03:05] LiveBook: 372 Games} 9. f4 Nc7 {[%emt 0:04:21] A36: Symmetrical English vs ...g6: 4 Bg2 Bg7} 10. f5 a6 11. Bg5 Rb8 12. Qd2 b5 13. Rab1 $146 ({Predecessor:} 13. cxb5 axb5 14. Bh6 Ne5 15. Bxg7 Kxg7 16. Nf4 Bb7 17. d4 cxd4 18. Qxd4 {0-1 (37) Petek,P-Lejlic,S (2445) Bled 1993}) 13... Ne5 14. b3 Bb7 15. h3 Qd7 16. g4 bxc4 17. dxc4 gxf5 (17... a5 $14) 18. gxf5 (18. exf5 $16 Bxg2 19. Kxg2) 18... Kh8 19. Ng3 f6 20. Bf4 Nf7 (20... Bc6 $142) 21. Be3 (21. Nh5 $16) 21... Rg8 22. Nh5 Qe8 23. Nd5 Nxd5 24. cxd5 Ng5 (24... Ne5 $11 25. Ng3 Ra8) 25. Nf4 ({White should try} 25. Bxg5 $16 Qxh5 26. Be3) 25... Bh6 26. Kh2 Nf7 27. Ne6 Bxe3 28. Qxe3 Bc8 29. Nf4 Ne5 30. Qe1 Qf8 31. Qc1 Qg7 32. Rb2 ({White should try} 32. Kh1 $19) 32... a5 33. Nh5 Qg5 (33... Qf8 $142 34. Nf4 Bd7) 34. Qxg5 Rxg5 35. Nf4 Ba6 36. Rd1 {[%emt 0:00:29] [#]} a4 $1 37. Rdb1 a3 38. Rd2 Rb4 39. Ne6 (39. Rc1 $17) 39... Rg8 40. Re1 Rgb8 41. Rc1 Nd3 $2 (41... c4 $19 42. Nd4 cxb3 43. Nxb3 Bc4) 42. Rc3 {[%emt 0:02:16] [#]} Nb2 $1 43. Rdc2 (43. Bf3 $17) 43... Bd3 44. Rd2 $2 (44. Rc1 {war die einzige Chance.} Bxe4 45. Re1 Bxf5 46. Nc7) 44... Bb1 45. e5 Bxa2 46. exd6 exd6 47. Nxc5 dxc5 48. Rxc5 Bxb3 49. d6 Rd8 50. d7 Rbb8 51. Rd4 {[%emt 0:04:20] [#]} Nc4 $1 52. Rc7 a2 53. Ra7 Ne3 54. Rd2 Nc2 55. Rxc2 Bxc2 56. Bd5 Bxf5 0-1

[Event "FIDE WCCC U10 2018"]
[Site "Santiago de Compostela"]
[Date "2018.11.07"]
[Round "3"]
[White "Nitsche, Nikolai"]
[Black "Kadam Om Manish"]
[Result "1/2-1/2"]
[ECO "B53"]
[WhiteElo "1645"]
[BlackElo "2025"]
[Annotator "NA RC"]
[PlyCount "53"]
[EventDate "2018.11.04"]
[EventType "swiss"]
[EventCountry "ESP"]
[SourceTitle "playchess.com"]
[Source "ChessBase"]
[SourceQuality "1"]
[TimeControl "40/5400+30:1800+30"]

1. e4 c5 2. Nf3 d6 3. d4 cxd4 4. Qxd4 a6 5. c4 Nc6 6. Qe3 g6 {[%emt 0:00:06] B53: Sicilian: 2...d6: Lines with Qxd4} (6... Bg4 7. Nd4 g6 8. Nc3 Bg7 9. Nxc6 bxc6 10. h3 Be6 11. Be2 Nf6 12. O-O O-O 13. f4 Qa5 14. Bd2 {1-0 (50) Karjakin,S (2763)-Nepomniachtchi,I (2751) Moscow 2018}) 7. Nc3 Bg4 8. Be2 Bg7 {[%emt 0:00:36] LiveBook: 3 Games} 9. O-O Rc8 10. Rd1 $146 ({Predecessor:} 10. b3 b5 11. Rb1 bxc4 12. bxc4 Bxf3 13. Bxf3 Ne5 14. Nd5 {½-½ (37) Ni,H (2607)-Timofeev,A (2657) Taiyuan 2006}) 10... Bxf3 11. Bxf3 Nf6 {[%emt 0:00:32] [#]} (11... Ne5 $14) 12. Rb1 (12. e5 $1 $16 Nxe5 13. Bxb7) 12... Nd7 13. b3 O-O 14. Bb2 Nc5 15. Nd5 e5 16. Rbc1 Ne6 17. g3 Ncd4 18. Bg2 Qa5 (18... b5 $14) 19. Ne7+ Kh8 20. Nxc8 Rxc8 21. a3 Qb6 22. b4 a5 23. Bxd4 Nxd4 24. b5 Qc5 25. Rf1 b6 $16 26. Kh1 Ne6 27. Rcd1 1/2-1/2

[Event "FIDE WCCC U10 2018"]
[Site "Santiago de Compostela"]
[Date "2018.11.07"]
[Round "3"]
[White "Azjargal Erdenebat"]
[Black "Hagner, Bennet"]
[Result "1-0"]
[ECO "A58"]
[WhiteElo "1633"]
[BlackElo "1912"]
[Annotator "NA RC"]
[PlyCount "131"]
[EventDate "2018.11.04"]
[EventType "swiss"]
[EventCountry "ESP"]
[SourceTitle "playchess.com"]
[Source "ChessBase"]
[SourceQuality "1"]
[TimeControl "40/5400+30:1800+30"]

1. d4 Nf6 2. c4 c5 3. d5 b5 4. cxb5 a6 5. bxa6 g6 6. Nc3 Bxa6 7. g3 d6 8. Bg2 Bg7 9. Nf3 Nbd7 10. O-O O-O 11. Re1 Ng4 {[%emt 0:03:57] LiveBook: 6 Partien} 12. h3 Nge5 13. Nxe5 {[%emt 0:03:12] A58: Benko/Volga Gambit: Lines with 5 bxa6} Nxe5 14. Qc2 (14. f4 Nc4 15. Qc2 Qa5 16. e4 Bd4+ 17. Kh2 Rfb8 18. Rb1 Rb6 19. Bf1 Na3 20. bxa3 Rxb1 21. Qxb1 Qxc3 {0-1 (34) Monroy Carrizo,J (2146)-Zambrana,O (2481) Santa Cruz 2010}) 14... Qa5 15. Bg5 $146 ({Predecessor:} 15. b3 Nc4 16. bxc4 Bxc3 17. Bh6 Bxe1 18. Bxf8 Rxf8 {0-1 (18) Antonov,P (1932)-Losev,A (2154) Perm 2010}) 15... Ra7 16. Rac1 Rc8 17. Bd2 Rac7 (17... Nc4 $15 {keeps the upper hand.}) 18. f4 ({White should play} 18. Nd1 $14 Qb6 19. Bc3) 18... Nc4 19. e4 Qb4 (19... Rb8 $17 20. b3 Nxd2 21. Qxd2 c4) 20. Bf1 Rb8 21. Bxc4 Qxc4 22. b3 Qd4+ 23. Be3 Qb4 24. Bd2 c4 25. Na4 (25. Nb1 $1 $15 Qb7 26. b4) 25... c3 26. Bxc3 Bxc3 27. Nxc3 Rbc8 28. Re3 Qd4 29. Qf2 Bd3 30. Rd1 $2 (30. Rf3 $15 Qxf2+ 31. Kxf2 Rxc3 32. Rxc3 Rxc3 33. Ke1 Rc1+ 34. Kd2 Bxe4 35. Re3 Rc2+ 36. Kd1) 30... Rxc3 31. Rexd3 Qxe4 $2 (31... Qxd3 $19 32. Rxd3 Rxd3) 32. Rxc3 Rxc3 33. Re1 Qxd5 34. Rxe7 Qd3 35. Re2 $1 Rc1+ 36. Kh2 d5 37. Rd2 Qb1 38. Qg2 Rc5 39. Rb2 Qa1 40. Rd2 d4 41. Qa8+ Kg7 42. Qd8 Rc1 43. Qd5 Qc3 44. Qe5+ Kg8 45. Qe2 d3 (45... Qc6 $11 46. Qg2 Qc3) 46. Qxd3 Qxd3 47. Rxd3 Rc2+ 48. Kg1 Rxa2 49. b4 Rb2 50. Rd8+ Kg7 51. Rb8 h5 52. b5 h4 53. gxh4 Rb4 54. f5 Rxh4 $2 (54... gxf5 $11 {and Black is okay.} 55. h5 Rh4) 55. Kg2 $2 (55. fxg6 $18 f6 56. Kg2) 55... gxf5 56. b6 Rb4 57. b7 Rb3 58. h4 f4 59. h5 f6 60. h6+ Kh7 61. Kf2 f5 62. Kg2 f3+ $2 {[%emt 0:00:58] [#]} (62... Rg3+ $11 {and Black is okay.} 63. Kh1 Rh3+ 64. Kg1 Rg3+ 65. Kf1 Rb3) 63. Kg3 $1 f4+ $2 (63... f2+ $11 64. Kxf2 f4) 64. Kf2 Rb2+ $1 65. Kxf3 Rb4 66. Kg4 $18 1-0

[Event "FIDE WCCC U10 2018"]
[Site "Santiago de Compostela"]
[Date "2018.11.07"]
[Round "3"]
[White "Sloan, Jed"]
[Black "Sosa Costa, Leonardo"]
[Result "0-1"]
[ECO "B52"]
[WhiteElo "1556"]
[BlackElo "1945"]
[Annotator "NA RC"]
[PlyCount "102"]
[EventDate "2018.11.04"]
[EventType "swiss"]
[EventCountry "ESP"]
[SourceTitle "playchess.com"]
[Source "ChessBase"]
[SourceQuality "1"]
[TimeControl "40/5400+30:1800+30"]

1. e4 c5 2. Nf3 d6 3. Bb5+ Bd7 4. Bxd7+ Qxd7 5. c4 Nf6 6. Nc3 Nc6 7. d4 cxd4 8. Nxd4 g6 9. h3 Bg7 10. Be3 O-O 11. O-O Nxd4 {[%emt 0:04:38] B52: Sicilian: Moscow Variation with 3...Bd7} (11... a6 12. a4 e6 13. Rc1 Rac8 14. b3 Rfd8 15. Re1 {½-½ (15) Naiditsch,A (2711)-Li,C (2721) Deizisau 2015}) 12. Bxd4 Qc6 {[%emt 0:04:09] LiveBook: 5 Games} 13. Qd3 Nd7 14. Bxg7 $146 ({Predecessor:} 14. Nd5 Rfe8 15. Bxg7 Kxg7 16. b3 Nf6 17. a4 Rac8 {½-½ (17) Spasov,V (2499)-Kozhuharov,S (2424) Kozloduy 2018}) 14... Kxg7 15. Qd4+ f6 16. Nd5 Rfe8 17. Rac1 a5 18. f4 a4 19. f5 Rab8 20. Rfd1 Qc5 21. Nf4 Qxd4+ 22. Rxd4 Nc5 23. Rc3 Kf7 24. Rg3 {[%emt 0:05:31] [#]} (24. b4 $11 axb3 25. axb3) 24... Rg8 (24... b5 $1 $17 25. b3 axb3 26. axb3 bxc4 27. Rxc4 Rxb3 28. Rxb3 Nxb3) 25. Nd3 Nxd3 26. Rgxd3 b5 27. Rd2 Rgc8 (27... b4 $11) 28. fxg6+ hxg6 29. cxb5 Rxb5 30. Rxa4 Ke6 31. Ra7 (31. Kf2 $14) 31... Rc4 32. Re2 Re5 33. Kf2 Rcxe4 34. Rxe4 Rxe4 35. Kf3 d5 36. a3 Re1 37. Ra8 {[%emt 0:03:18] [#]} (37. Kf2 $17 Ra1 38. Kf3) 37... d4 $1 38. Rd8 {[%emt 0:00:41] [#]} Ke5 $1 39. b4 Re3+ 40. Kf2 Rxa3 41. b5 Rb3 42. Rb8 Ke4 43. b6 Rb2+ 44. Kg3 Ke3 45. Kh2 d3 46. Re8 e5 47. Rd8 Rxb6 48. g4 d2 49. g5 fxg5 50. Rd5 e4 51. Kg2 Ke2 0-1

[Event "FIDE WCCC U10 2018"]
[Site "Santiago de Compostela"]
[Date "2018.11.07"]
[Round "3"]
[White "Clarkson, George"]
[Black "Lee, Jayden"]
[Result "1-0"]
[ECO "E73"]
[WhiteElo "1552"]
[BlackElo "1830"]
[Annotator "NA RC"]
[PlyCount "137"]
[EventDate "2018.11.04"]
[EventType "swiss"]
[EventCountry "ESP"]
[SourceTitle "playchess.com"]
[Source "ChessBase"]
[SourceQuality "1"]
[TimeControl "40/5400+30:1800+30"]

1. d4 Nf6 2. c4 g6 3. Nc3 Bg7 4. e4 d6 5. Be2 O-O 6. h4 c5 7. d5 h5 {[%emt 0:02:29] E73: King's Indian: Averbakh Variation without 6...c5} (7... b5 8. cxb5 a6 9. bxa6 Qa5 10. Bd2 Bxa6 11. h5 Nbd7 12. hxg6 hxg6 13. Bxa6 Qxa6 14. Nge2 Rfb8 15. Rb1 Rb4 {1-0 (60) Jobava,B (2727)-Radjabov,T (2734) Wijk aan Zee 2015 CBM 165 [Gormally,D]}) 8. Nh3 Nbd7 9. Bf4 Qa5 $146 ({Predecessor:} 9... Nh7 10. Ng5 Ne5 11. f3 Qa5 12. Qd2 Qb4 13. Bxe5 Bxe5 14. f4 Bg7 15. f5 gxf5 {1-0 (38) Mont Reynaud,J-Haroun,S Szeged 1994}) 10. O-O Ne5 11. Bxe5 dxe5 12. Ng5 Rd8 13. Qb3 Bd7 14. a3 a6 15. Rfb1 Rdb8 16. Qc2 b5 17. b4 Qc7 18. Qa2 cxb4 19. axb4 bxc4 20. b5 axb5 21. Qxa8 Rxa8 22. Rxa8+ Bf8 23. Nxb5 Qc5 (23... Qb7 $11 {keeps the balance.} 24. Ra4 {[#]} c3 $1 25. Nxc3 Qxb1+ 26. Nxb1 Bxa4) 24. Na3 c3 25. Rbb8 Ne8 26. Nc2 Qc7 (26... Bh6 $142 27. Nf3 (27. Rxe8+ Bxe8 28. Rxe8+ Kg7 $16) 27... f6) 27. Rd8 ({Don't do} 27. Rxe8 $6 Bxe8 28. Rxe8 Kg7 $16) ({White should try} 27. g3 $18) 27... Bh6 28. Nf3 Kg7 29. Bd3 Nf6 30. Ng5 Qb7 31. Rdb8 Qc7 $1 $11 {[%emt 0:00:11] und Schwarz muss sich keine Sorgen machen.} 32. Kh1 (32. Rh8 $14) 32... Qc5 33. Kg1 Ba4 $2 ({Ein No Go ist} 33... Bxg5 $6 34. hxg5 Ne8 35. Rxe8 $16) 34. Rxa4 ({Less strong is} 34. Rc8 Qb6 $16) 34... Bxg5 35. hxg5 ({Viel schwächer ist} 35. Rb5 Qd6 $18) 35... Ng4 {[%emt 0:00:04] [#]} 36. Nd4 $4 {[%emt 0:01:26] [#]} (36. Ne3 $1 $18) 36... c2 $1 ({Avoid the trap} 36... exd4 $2 37. Raa8 $18) 37. Bxc2 {[%emt 0:02:45] [#]} Nf6 $4 ({Avoid the trap} 37... exd4 $2 38. Raa8 $18) (37... Qc3 $1 $19 38. Rb1 exd4) 38. gxf6+ exf6 39. Rb7 $2 (39. d6 Qxd6 40. Rbb4 exd4 41. Rxd4) 39... exd4 40. Bb3 $2 (40. Ra2 $18) 40... Qc1+ 41. Kh2 Qf4+ 42. Kg1 Qxe4 43. Rbb4 $2 ({Better is} 43. Ra1 $16) 43... Qe1+ $11 44. Kh2 Qe5+ (44... h4 $1 $11) 45. Kg1 (45. g3 $14 Qe1 46. Kg2 (46. Rxd4 Qxf2+ 47. Kh3 Qf3 $11) 46... Qe4+ 47. Kf1 Qd3+ 48. Ke1 Qe4+ 49. Kd2) 45... d3 $2 46. Rd4 $2 Qe1+ $11 47. Kh2 Qe5+ 48. Kg1 (48. g3 $18 h4 49. Kg2 (49. Rxd3 Qe2 $11) 49... hxg3 50. Rxd3) 48... d2 $2 49. d6 Qe1+ 50. Kh2 Qe5+ 51. Kg1 Qe1+ 52. Kh2 Qe5+ {[%emt 0:00:44] [#]} 53. g3 $1 h4 54. Rxd2 hxg3+ 55. fxg3 Qe8 56. d7 Qd8 {[%emt 0:00:07] [#]} 57. Ra8 $1 Qxa8 58. d8=Q Qf3 59. Qd5 Qe3 60. Qxf7+ Kh6 61. Qf8+ Kh5 62. Qh8+ Kg4 63. Qh4+ Kf5 64. Rd5+ Ke6 65. Rd3+ Kf5 66. Rxe3 g5 67. Qh7+ Kg4 68. Qh4+ Kf5 69. Bc2# {Kg4 Qh3#} 1-0

[Event "FIDE WCCC U10 2018"]
[Site "Santiago de Compostela"]
[Date "2018.11.07"]
[Round "3"]
[White "Baryschyk, Sergey"]
[Black "Dang, Anh Minh"]
[Result "0-1"]
[ECO "D01"]
[WhiteElo "1468"]
[BlackElo "1817"]
[Annotator "NA RC"]
[PlyCount "118"]
[EventDate "2018.11.04"]
[EventType "swiss"]
[EventCountry "ESP"]
[SourceTitle "playchess.com"]
[Source "ChessBase"]
[SourceQuality "1"]
[TimeControl "40/5400+30:1800+30"]

1. d4 Nf6 2. Nc3 d5 3. Bg5 c6 4. f3 h6 5. Bh4 Bf5 6. Qd2 {[%emt 0:02:30] D00: 1 d4 d5: Unusual lines} Nbd7 {[%emt 0:00:33] LiveBook: 16 Games} (6... Bh7 7. e4 dxe4 8. fxe4 e5 9. Bxf6 Qxf6 10. dxe5 Qxe5 11. O-O-O Be7 12. Nf3 Qc7 13. e5 O-O {½-½ (29) Romanov,E (2628)-Admiraal,M (2465) Teplice 2018}) 7. O-O-O b5 {[%emt 0:00:45] [#]} ({Black should try} 7... e6 $11) 8. g4 $146 ({Besser ist Predecessor:} 8. e4 $1 $14 dxe4 (8... Be6 9. e5 g5 10. Bf2 Nh5 11. h4 Bg7 12. hxg5 hxg5 13. Kb1 f6 14. Nh3 Qa5 15. Bd3 b4 16. Ne2 Nb6 17. g4 Nc4 18. Qe1 Nf4 19. Nexf4 {1-0 (19) Lopez Gracia,F (2346)-Fontana Sotomayor,L (2315) Aragon 2016}) 9. d5 cxd5 10. Bxb5) 8... Bh7 9. e3 b4 10. Nce2 e6 11. Bg3 (11. Bxf6 $17 Nxf6 12. Nh3) 11... Qa5 12. Kb1 {[%emt 0:00:40] [#]} Nb6 (12... Ne4 $1 $17 13. Qc1 (13. fxe4 Bxe4) 13... c5 14. dxc5 Nxg3 15. hxg3 Bxc5) 13. Nc1 $1 Nc4 14. Qf2 $2 {[%emt 0:00:30] [#]} ({Better is} 14. Bxc4 $15 dxc4 15. e4) 14... Be7 $2 (14... Nxb2 $1 $19 {[%mdl 512] is more deadly.} 15. Kxb2 {[#]} b3 $1 16. axb3 (16. Nxb3 $2 {is a self mate.} Ba3+ 17. Kb1 Qc3 18. h4 Qb2#) 16... Ba3+ 17. Ka2 (17. Kb1 $2 Qc3 $19) 17... Bxc1+ 18. Kb1 Ba3) 15. Bd3 {[#]} Bxd3 ({Black should try} 15... Qb6 $1 $17) 16. cxd3 Nb6 17. Nge2 Nfd7 18. h4 c5 19. Nb3 Qb5 20. dxc5 Nxc5 21. Ned4 Qd7 22. f4 Nxb3 23. Nxb3 a5 24. f5 exf5 25. gxf5 a4 26. Nd4 O-O 27. Rhg1 (27. Be5 $16 Bd6 28. Qg3 Bxe5 29. Qxe5) 27... Bf6 28. e4 dxe4 29. dxe4 Nc4 30. Qe2 Rac8 $1 31. e5 $1 ({Wrong is} 31. Ne6 $2 Qb5 $19) 31... Rfe8 32. Ne6 $1 Qb5 33. Qg2 $2 ({Much weaker is} 33. Nd4 Qc5 $17) (33. Ka1 $1 $11 {and White has nothing to worry.} Bxe5 34. Bxe5 Qxe5 35. Qxe5 Nxe5 36. Nxg7) 33... Nxe5 $4 {[%emt 0:03:06] [#]} (33... fxe6 $19 34. exf6 Qxf5+ 35. Ka1 Ne3) 34. Rd5 (34. Nxg7 $1 $18 Nc4 (34... Bxg7 35. Rd5) 35. Nxe8 Qxf5+ 36. Ka1 Bxb2+ 37. Qxb2 Nxb2 38. Nd6 Nxd1 39. Bf4+ (39. Nxf5 $2 {leads to mate.} Rc1#) 39... Qg6 40. Rxg6+ fxg6 41. Nxc8) 34... Qxd5 35. Qxd5 fxe6 36. fxe6 Nc4 $2 ({Better is} 36... Rcd8 $1 $14 37. Qe4 Rxe6) 37. Rc1 $2 (37. e7+ $1 $18 Kh8 38. Rc1) 37... Red8 38. Qxc4 Rxc4 39. Rxc4 b3 40. axb3 axb3 41. Kc1 Rd3 42. Bf2 g5 43. Re4 (43. Be1 $11 {keeps the balance.}) 43... Be7 44. Re3 Rxe3 45. Bxe3 gxh4 46. Kd1 Bf6 47. Ke2 Bxb2 48. e7 Kf7 49. e8=Q+ Kxe8 50. Bxh6 Be5 51. Bc1 h3 52. Kf2 h2 53. Kg2 {[%emt 0:00:05] [#]} Kd7 (53... h1=R $1 $19 54. Kxh1 Kd7) 54. Ba3 Kc6 55. Bc1 Kd5 56. Ba3 Kc4 (56... h1=R $19 57. Kxh1 Bd6) 57. Bc1 Kd3 ({Stronger than} 57... b2 {[#]} 58. Bxb2 $1 Bxb2 59. Kxh2 $11) 58. Kh1 Kc2 ({Stronger than} 58... b2 {[#]} 59. Bxb2 $1 Bxb2 60. Kxh2 $11) 59. Ba3 Bd6 0-1